 Dungeon Crawl Stone Soup version 0.30.0-15-g856e2d3f33 (webtiles) character file.

Game seed: 10580275691099200378

3494 qw the Cleaver (level 10, 0/64 HPs)
             Began as a Gargoyle Fighter on May 20, 2023.
             Was a Believer of Okawaru.
             Slain by a yak (6 damage)
             ... on level 8 of the Dungeon on May 21, 2023.
             The game lasted 00:11:42 (7943 turns).

qw the Cleaver (Gargoyle Fighter)                   Turns: 7943, Time: 00:11:43

Health: 0/64       AC: 16    Str: 30    XL:     10   Next: 7%
Magic:  11/13      EV: 11    Int:  9    God:    Okawaru [**....]
Gold:   570        SH: 11    Dex:  9    Spells: 9/9 levels left

rFire   x . .        Y - +0 war axe
rCold   + . .        c - +0 buckler
rNeg    + . .        h - +0 chain mail
rPois   inf          f - +0 helmet
rElec   +            (no cloak)
rCorr   .            (no gloves)
SInv    .            (no boots)
Will    .....        k - amulet of reflection Stlth
                     l - ring of Jealousy {Ice *Corrode rElec Str+6}
HPRegen 0.30/turn    (no ring)
MPRegen 0.13/turn

%: corrode self (3%), reflection
@: about to teleport, heroic, corroded
A: sickness immunity, AC +7, negative energy resistance 1, electricity
resistance, torment resistance 1, petrification resistance
a: Renounce Religion, Heroism


You were on level 8 of the Dungeon.
You worshipped Okawaru.
Okawaru was pleased with you.
You visited 2 branches of the dungeon, and saw 9 of its levels.
You also visited: Sewer.

You collected 645 gold pieces.
You spent 75 gold pieces at shops.


Innate Abilities, Weirdness & Mutations

You are immune to sickness and miasma.
Your stone body is resilient. (AC +7)
You are immune to poison.
You resist negative energy. (rN+)
You are resistant to electric shocks. (rElec)
You are resistant to unholy torment.
You are immune to petrification.


   Skills:
 - Level 8.0(13.0) Fighting
 - Level 10.0(15.0) Axes
 - Level 1.3(6.3) Throwing
 + Level 4.7(9.7) Armour
 - Level 1.0(6.0) Dodging
 - Level 4.6(9.6) Shields
 - Level 4.1 Invocations


You had 9 spell levels left.
You didn't know any spells.
Your spell library was empty.

Inventory:

Hand Weapons
 e - a +0 flail
 Y - a +0 war axe (weapon)
Missiles
 i - 5 boomerangs (quivered)
Armour
 c - a +0 buckler (worn)
 f - a +0 helmet (worn)
 h - a +0 chain mail (worn)
Jewellery
 k - an amulet of reflection (around neck)
 l - the ring of Jealousy (left hand) {Ice *Corrode rElec Str+6}
   (You found it in a sewer)

   [ring of ice]

   It enhances your ice magic.
   Str:       It affects your strength (+6).
   rF:        It makes you vulnerable to fire.
   rC:        It protects you from cold.
   rElec:     It insulates you from electricity.
   *Corrode:  It may corrode you when you take damage.
Scrolls
 g - 2 scrolls of teleportation
 m - a scroll of identify
Potions
 a - 2 potions of curing
 b - a potion of resistance
 d - a potion of might
 j - a potion of haste
 n - a potion of degeneration {unknown}

Dungeon Overview and Level Annotations

Branches:
Dungeon (8/15)             Temple (1/1) D:4           Sewer (visited)
   Lair: D:8-11

Altars:
Ashenzari
Cheibriados
Dithmenos
Elyvilon
Fedhas
Gozag
Hepliaklqana
Kikubaaqudgha
Makhleb
Nemelex Xobeh
Okawaru
Qazlal
Ru
Sif Muna
Trog
Uskayaw
Vehumet
Wu Jian
Xom
Yredelemnul
Zin
The Shining One

Shops:
D:2 *![![   D:4 (

Annotations:
D:6 1 runed translucent door, qw's ghost, novice GrCA


Message History

You barely miss the yak. You slash the yak! You block the yak's attack.
The yak gores you! The yak closely misses you.
The wight hits you from afar with a +1 spear.
7936 ||| INVOKING Heroism.
You gain the combat prowess of a mighty hero.
The yak gores you. The yak gores you! The yak misses you.
The wight hits you from afar with a +1 spear.
You slash the yak!
The yak is almost dead.
You barely miss the yak. You hit the yak. The yak gores you!
The yak closely misses you. You block the yak's attack.
The wight barely misses you.
7938 ||| READING 3 scrolls of teleportation.
As you read the scroll of teleportation, it crumbles to dust.
You feel strangely unstable. The yak gores you!
Your corrosive artefact corrodes you!
You block the yak's attack. x2; The wight hits you but does no damage.
You hit the yak.
The yak is almost dead.
You barely miss the yak. You hit the yak. You slash the yak!
You kill the yak!
Okawaru accepts your kill.
You hit the yak but do no damage. You barely miss the yak.
You block the yak's attack. The wight hits you but does no damage.
You hit the yak but do no damage.
The yak is moderately wounded.
You hit the yak but do no damage. x2
You block the yak's attack. The yak gores you but does no damage.
You block the yak's attack. You block the wight's attack.
You completely miss the yak.
The yak is moderately wounded.
You hit the yak but do no damage. You closely miss the yak. The yak gores you.
You block the yak's attack. x2
The wight hits you but does no damage.
You slash the yak!
The yak is heavily wounded.
You hit the yak but do no damage. You hit the yak. You block the yak's attack.
The yak gores you.
You die...

#....+ #....#
#....#
######....#
#....#....# .
#....#....# ##..
#....'....# .....
#....#...Y#......
###..#...@Yz.....
#..#...Y#z.....
#..#....# .##..
#..#....# #
#..#....#
#..#....# #....#
#....# #....#


You could see 3 yaks and 2 wights.

Vanquished Creatures
  3 yaks (D:8)
  3 water moccasins
  Duvessa (D:7)
  2 orc warriors (D:7)
  A black bear (D:6)
  An ice beast (D:6)
  2 ogres (D:6)
  2 phantoms
  3 kobold brigands
  4 bullfrogs
  2 gnoll sergeants
  A wyvern zombie (D:6)
  3 scorpions (D:5)
  A water moccasin zombie (D:6)
  A wight (D:8)
  Dowan (D:7)
  A howler monkey (D:6)
  A centaur zombie (D:6)
  4 hounds
  An orc priest (D:3)
  A jelly (D:7)
  A bullfrog skeleton (D:6)
  2 iguanas
  A sleepcap (D:4)
  Natasha (thrice) (D:3)
  An orc wizard (D:7)
  A killer bee zombie (D:6)
  14 gnolls
  A howler monkey skeleton (D:6)
  14 adders
  2 river rats (D:4)
  A shadow imp (D:6)
  3 white imps
  2 ufetubi
  3 worms
  2 dart slugs
  17 orcs
  6 bats
  11 endoplasms
  13 giant cockroaches
  7 goblins
  10 hobgoblins
  7 quokkas
  22 ball pythons
  15 frilled lizards
  43 kobolds
  2 rats
243 creatures vanquished.

Notes
Turn   | Place    | Note
-------+----------+-------------------------------------------
     0 | D:1      | qw the Gargoyle Fighter began the quest for the Orb.
     0 | D:1      | Reached XP level 1. HP: 14/14 MP: 1/1
     0 | D:1      | 0 ||| qw: Version: 0.2-a-98-g145ba09
     0 | D:1      | 0 ||| qw: Game counter: 2
     0 | D:1      | 0 ||| qw: Always use a shield: true
     0 | D:1      | 0 ||| qw: God list: Okawaru
     0 | D:1      | 0 ||| qw: Allow faded altars: false
     0 | D:1      | 0 ||| qw: Do Orc after D:15 true
     0 | D:1      | 0 ||| qw: Do second Lair branch before Depths: true
     0 | D:1      | 0 ||| qw: Lair rune preference: random
     0 | D:1      | 0 ||| qw: Plans: Normal, Zot:1-4, God:TSO, Crypt, Tomb,
                  | Pan, Slime:5, Hells, Abyss, Win
     0 | D:1      | 0 ||| PLANNING D:1-11
     0 | D:1      | 0 ||| qw: Version: 0.2-a-98-g145ba09
     0 | D:1      | 0 ||| qw: Game counter: 3
     0 | D:1      | 0 ||| qw: Always use a shield: true
     0 | D:1      | 0 ||| qw: God list: Okawaru
     0 | D:1      | 0 ||| qw: Allow faded altars: false
     0 | D:1      | 0 ||| qw: Do Orc after D:15 true
     0 | D:1      | 0 ||| qw: Do second Lair branch before Depths: true
     0 | D:1      | 0 ||| qw: Lair rune preference: random
     0 | D:1      | 0 ||| qw: Plans: Normal, Zot:1-4, God:TSO, Crypt, Tomb,
                  | Pan, Slime:5, Hells, Abyss, Win
     0 | D:1      | 0 ||| PLANNING D:1-11
    90 | D:1      | Reached skill level 2 in Axes
   236 | D:1      | Reached XP level 2. HP: 19/19 MP: 2/2
   251 | D:1      | 251 ||| Stepping ~*~*~tactically~*~*~ (stealth).
   252 | D:1      | 252 ||| Stepping ~*~*~tactically~*~*~ (stealth).
   253 | D:1      | 253 ||| Stepping ~*~*~tactically~*~*~ (stealth).
   412 | D:1      | 412 ||| UPGRADING to +0 helmet.
   417 | D:1      | 417 ||| UPGRADING to +0 chain mail.
   427 | D:1      | 427 ||| DROPPING +0 scale mail.
   428 | D:1      | 428 ||| UPGRADING to amulet of guardian spirit.
   433 | D:1      | 433 ||| READING scroll labelled QITSAUTHEEMU.
   434 | D:1      | 434 ||| READING scroll labelled ABELIQE ARUUSS.
   438 | D:1      | 438 ||| DRINKING 2 orange potions.
   439 | D:1      | 439 ||| DRINKING 2 purple potions.
   482 | D:2      | Reached skill level 3 in Axes
   482 | D:2      | Reached XP level 3. HP: 23/23 MP: 3/3
   509 | D:2      | Found Yfogry's Distillery.
   529 | D:2      | 529 ||| BUYING potion of curing (42 gold).
   529 | D:2      | Bought a potion of curing for 42 gold pieces
   529 | D:2      | 529 ||| SHOPLISTING potion of haste (140 gold, have 13).
   529 | D:2      | 529 ||| SHOPLISTING potion of lignification (42 gold, have
                  | 13).
   858 | D:2      | Found Gecses's Armour Shop.
   861 | D:2      | 861 ||| SHOPLISTING +0 crystal plate armour of the Ego
                  | {Str+4} (1144 gold, have 37).
   960 | D:2      | Found Kaqy's Distillery.
   966 | D:2      | 966 ||| SHOPLISTING 2 potions of curing (66 gold, have 46).
   966 | D:2      | 966 ||| BUYING potion of curing (33 gold).
   966 | D:2      | Bought a potion of curing for 33 gold pieces
   966 | D:2      | 966 ||| SHOPLISTING potion of curing (33 gold, have 13).
   966 | D:2      | 966 ||| SHOPLISTING potion of mutation (88 gold, have 13).
   998 | D:2      | Reached XP level 4. HP: 28/28 MP: 4/4
  1123 | D:2      | 1123 ||| PLANNING D:1-11
  1135 | D:2      | Found Maippeon's General Store.
  1139 | D:2      | 1139 ||| SHOPLISTING +3 scale mail of fire resistance (312
                  | gold, have 13).
  1139 | D:2      | 1139 ||| SHOPLISTING potion of lignification (36 gold, have
                  | 13).
  1412 | D:2      | 1412 ||| Stepping ~*~*~tactically~*~*~ (hiding).
  1559 | D:2      | Found Jomaeti's Antique Armour Shop.
  1560 | D:2      | Found an opulent altar of Gozag.
  1561 | D:2      | 1561 ||| PLANNING D:1-11
  1564 | D:2      | 1564 ||| SHOPLISTING glowing hat (175 gold, have 23).
  1564 | D:2      | 1564 ||| SHOPLISTING glowing ring mail (175 gold, have 23).
  1564 | D:2      | 1564 ||| SHOPLISTING runed ring mail (175 gold, have 23).
  1806 | D:2      | 1806 ||| READING 3 scrolls labelled PIUXTI POERE.
  1807 | D:2      | 1807 ||| READING scroll labelled WAPONL SUANIUNIYNT.
  1908 | D:2      | 1908 ||| DROPPING 2 scrolls of fog.
  1973 | D:3      | Reached skill level 4 in Axes
  2014 | D:3      | Noticed Natasha
  2025 | D:3      | HP: 6/28 [Natasha/magic dart (3)]
  2026 | D:3      | 2026 ||| READING scroll of teleportation.
  2027 | D:3      | 2027 ||| DRINKING potion of heal wounds.
  2168 | D:3      | Found a faded altar of an unknown god.
  2226 | D:3      | Killed Natasha
  2227 | D:3      | Reached XP level 5. HP: 32/32 MP: 5/5
  2459 | D:3      | 2459 ||| PLANNING D:1-11
  2459 | D:3      | 2459 ||| Stepping ~*~*~tactically~*~*~ (hiding).
  2461 | D:3      | 2461 ||| Stepping ~*~*~tactically~*~*~ (hiding).
  2471 | D:3      | Reached skill level 5 in Axes
  2687 | D:3      | Noticed Natasha
  2694 | D:3      | Killed Natasha
  2872 | D:3      | 2872 ||| READING scroll labelled OLASAK QUOKHAST.
  2873 | D:3      | 2873 ||| READING scroll labelled SAUSINU RASASU.
  2895 | D:3      | Noticed Natasha
  2896 | D:3      | 2896 ||| Stepping ~*~*~tactically~*~*~ (hiding).
  2898 | D:3      | 2898 ||| Stepping ~*~*~tactically~*~*~ (hiding).
  2899 | D:3      | 2899 ||| Stepping ~*~*~tactically~*~*~ (hiding).
  2909 | D:3      | Killed Natasha
  2910 | D:3      | Reached XP level 6. HP: 25/38 MP: 4/6
  2973 | D:4      | 2973 ||| PLANNING SEWER
  2998 | D:4      | Found Ipnesk's Firing Range.
  3123 | D:4      | 3123 ||| Stepping ~*~*~tactically~*~*~ (water).
  3236 | D:4      | Found a staircase to the Ecumenical Temple.
  3346 | D:4      | Found a glowing drain.
  3349 | D:4      | 3349 ||| Stepping ~*~*~tactically~*~*~ (water).
  3357 | Sewer    | Entered a sewer
  3409 | Sewer    | 3409 ||| Stepping ~*~*~tactically~*~*~ (water).
  3486 | Sewer    | Reached skill level 6 in Axes
  3511 | Sewer    | 3511 ||| Stepping ~*~*~tactically~*~*~ (water).
  3629 | Sewer    | 3629 ||| Stepping ~*~*~tactically~*~*~ (water).
  3631 | Sewer    | Reached skill level 1 in Dodging
  3667 | Sewer    | 3667 ||| Stepping ~*~*~tactically~*~*~ (water).
  3685 | Sewer    | 3685 ||| Stepping ~*~*~tactically~*~*~ (water).
  3730 | Sewer    | 3730 ||| Stepping ~*~*~tactically~*~*~ (water).
  3735 | Sewer    | Reached XP level 7. HP: 25/43 MP: 4/7
  3810 | Sewer    | Identified the ring of Jealousy {Ice *Corrode rElec Str+6}
  3818 | Sewer    | 3818 ||| UPGRADING to ring of Jealousy {Ice *Corrode rElec
                  | Str+6}.
  3834 | D:4      | 3834 ||| PLANNING TEMPLE
  3861 | Temple   | Entered the Ecumenical Temple
  3934 | Temple   | 3934 ||| PLANNING OKAWARU WORSHIP
  4062 | Temple   | Became a worshipper of Warmaster Okawaru
  4062 | Temple   | 4062 ||| PLANNING D:1-11
  4063 | Temple   | 4063 ||| REMOVING amulet of guardian spirit.
  4068 | Temple   | 4068 ||| DROPPING amulet of guardian spirit.
  4345 | D:4      | 4345 ||| PLANNING D:1-11
  4474 | D:4      | Reached skill level 7 in Axes
  4672 | D:4      | 4672 ||| DROPPING +0 whip.
  4873 | D:4      | Reached XP level 8. HP: 49/49 MP: 8/8
  5082 | D:5      | Entered Level 5 of the Dungeon
  5097 | D:5      | Reached * piety under Okawaru
  5135 | D:5      | Reached skill level 1 in Invocations
  5323 | D:5      | Reached skill level 8 in Axes
  5492 | D:5      | 5492 ||| INVOKING Heroism.
  5495 | D:5      | Reached skill level 3 in Invocations
  5645 | D:5      | 5645 ||| PLANNING D:1-11
  5866 | D:5      | 5866 ||| UPGRADING to amulet of reflection.
  5871 | D:5      | 5871 ||| READING scroll labelled TOORAGE UGECI.
  5872 | D:5      | 5872 ||| READING 2 scrolls of identify.
  5872 | D:5      | 5872 ||| IDENTIFYING lumpy pink potion
  5873 | D:5      | 5873 ||| DROPPING potion of brilliance.
  5923 | D:6      | Reached skill level 6 in Fighting
  5926 | D:6      | Reached ** piety under Okawaru
  6055 | D:6      | 6055 ||| INVOKING Heroism.
  6142 | D:6      | 6142 ||| INVOKING Heroism.
  6150 | D:6      | Reached XP level 9. HP: 55/55 MP: 9/12
  6181 | D:6      | 6181 ||| Stepping ~*~*~tactically~*~*~ (stealth).
  6183 | D:6      | 6183 ||| INVOKING Heroism.
  6194 | D:6      | Reached skill level 9 in Axes
  6229 | D:6      | 6229 ||| Stepping ~*~*~tactically~*~*~ (stealth).
  6230 | D:6      | 6230 ||| Stepping ~*~*~tactically~*~*~ (stealth).
  6243 | D:6      | 6243 ||| Stepping ~*~*~tactically~*~*~ (stealth).
  6247 | D:6      | 6247 ||| Stepping ~*~*~tactically~*~*~ (stealth).
  6291 | D:6      | Found a runed translucent door.
  6292 | D:6      | Noticed a troll
  6378 | D:6      | 6378 ||| INVOKING Heroism.
  6466 | D:6      | Found a snail-covered altar of Cheibriados.
  6483 | D:6      | 6483 ||| Stepping ~*~*~tactically~*~*~ (hiding).
  6714 | D:6      | Noticed qw's ghost (novice GrCA)
  6817 | D:6      | 6817 ||| Stepping ~*~*~tactically~*~*~ (stealth).
  6989 | D:6      | 6989 ||| DROPPING +6 ring of intelligence.
  6990 | D:6      | 6990 ||| READING scroll labelled LYESEUP DUUHU.
  6991 | D:6      | 6991 ||| READING 2 scrolls of identify.
  6991 | D:6      | 6991 ||| IDENTIFYING fuming dark potion
  6992 | D:6      | 6992 ||| DROPPING potion of ambrosia.
  7088 | D:7      | 7088 ||| Stepping ~*~*~tactically~*~*~ (hiding).
  7094 | D:7      | Noticed Duvessa
  7095 | D:7      | 7095 ||| INVOKING Heroism.
  7097 | D:7      | Noticed Dowan
  7098 | D:7      | 7098 ||| Stepping ~*~*~tactically~*~*~ (stealth).
  7099 | D:7      | 7099 ||| Stepping ~*~*~tactically~*~*~ (stealth).
  7102 | D:7      | 7102 ||| Stepping ~*~*~tactically~*~*~ (stealth).
  7103 | D:7      | 7103 ||| Stepping ~*~*~tactically~*~*~ (stealth).
  7110 | D:7      | Killed Duvessa
  7110 | D:7      | Killed Dowan
  7201 | D:7      | 7201 ||| Stepping ~*~*~tactically~*~*~ (hiding).
  7204 | D:7      | 7204 ||| INVOKING Heroism.
  7231 | D:7      | 7231 ||| INVOKING Heroism.
  7236 | D:7      | Reached skill level 1 in Throwing
  7238 | D:7      | 7238 ||| DRINKING 3 potions of curing.
  7238 | D:7      | 7238 ||| (to cure confusion)
  7331 | D:7      | 7331 ||| Stepping ~*~*~tactically~*~*~ (hiding).
  7332 | D:7      | 7332 ||| Stepping ~*~*~tactically~*~*~ (hiding).
  7336 | D:7      | 7336 ||| INVOKING Heroism.
  7346 | D:7      | Reached skill level 10 in Axes
  7572 | D:7      | 7572 ||| Stepping ~*~*~tactically~*~*~ (hiding).
  7769 | D:7      | Found a shimmering altar of Xom.
  7918 | D:8      | 7918 ||| Stepping ~*~*~tactically~*~*~ (stealth).
  7935 | D:8      | Reached XP level 10. HP: 53/64 MP: 13/13
  7936 | D:8      | 7936 ||| INVOKING Heroism.
  7937 | D:8      | HP: 16/64 [yak (8)]
  7938 | D:8      | 7938 ||| READING 3 scrolls of teleportation.
  7942 | D:8      | HP: 5/64 [yak (4)]
  7943 | D:8      | Slain by a yak

Levels and vault maps discovered:
D:1:      erik_arrival_blinker_ship, layout_rooms
D:2:      layout_basic, serial_shops, nicolae_shop_window_shopping, shop, shop,
          nicolae_shop_industrial_runoff, shop, basic_altar,
          nicolae_hexahallways
D:3:      layout_loops_ring, shapermc_ecumenical_altar_notcrosses, uniq_natasha
D:4:      minmay_goblin_kobold_castle, layout_loops_ring,
          minmay_temple_entry_junction, portal_sewer_entry_e,
          nicolae_shop_firing_range
D:5:      layout_loops_ring, minmay_liquid_box
D:6:      layout_loops_ring, mainiacjoe_overflow_catwalk, serial_undead,
          serial_undead_c, serial_undead_e, serial_undead_a, serial_undead_d,
          ebering_ghost_inner_flame, minmay_diced_spiral
D:7:      layout_basic, xom_teletrap_fun, uniq_duvessa
D:8:      layout_gridville
Temple:   nicolae_temple_slightly_damp_pantheon

Skill      XL: |  1  2  3  4  5  6  7  8  9 |
---------------+----------------------------+-----
Axes           | 2 3 4 5 6 7 8 10 | 10.0
Fighting       | 4 5 6 8 |  8.0
Dodging        | 1 |  1.0
Invocations    | 4 |  4.1
Shields        | 4 |  4.6
Armour         | 4 |  4.7
Throwing       | 1 |  1.3

Action                     |  1- 3 |  4- 6 |  7- 9 | 10-12 || total
---------------------------+-------+-------+-------+-------++-------
  Melee: War axe           |   106 |   298 |   398 |     7 ||   809
  Throw: Boomerang         |       |       |     6 |       ||     6
 Invoke: Heroism           |       |       |     9 |     1 ||    10
    Use: Scroll            |     2 |     5 |     4 |     1 ||    12
         Potion            |     2 |     1 |     1 |       ||     4
   Stab: Distracted        |       |       |     1 |       ||     1
 Armour: Scale mail        |    21 |       |       |       ||    21
         Chain mail        |    31 |   167 |   206 |     4 ||   408
  Dodge: Dodged            |    41 |   105 |   155 |     4 ||   305
  Block: Buckler           |    19 |    67 |   133 |    11 ||   230
         Reflection        |       |       |     7 |       ||     7

Table legend:
 A = Non-vault XP
 B = Vault XP
 C = Vault XP percentage of total XP
 D = Non-vault monster count
 E = Vault monster count
 F = Vault count percentage of total count
                 A         B        C        D         E       F
            +---------+---------+-------+---------+---------+-------
      Total |    3544 |    1448 |  29.0 |     134 |     109 |  44.9
            +---------+---------+-------+---------+---------+-------
        D:1 |      23 |       0 |   0.0 |      13 |       0 |   0.0
        D:2 |      66 |       0 |   0.0 |      23 |       0 |   0.0
        D:3 |     206 |      35 |  14.5 |      27 |       1 |   3.6
        D:4 |     242 |     414 |  63.1 |      17 |      52 |  75.4
        D:5 |     584 |       0 |   0.0 |      12 |       0 |   0.0
        D:6 |    1026 |     525 |  33.8 |      14 |      11 |  44.0
        D:7 |     737 |     204 |  21.7 |      24 |       2 |   7.7
        D:8 |     660 |       0 |   0.0 |       4 |       0 |   0.0
      Sewer |       0 |     270 | 100.0 |       0 |      43 | 100.0
            +---------+---------+-------+---------+---------+-------
